Jets vs Blue Jackets (R2)

Created - 20 mars 2017 at 19:26

Goals
1 2 3 OT1 SO T
Jets 1 1 1 0 2 4
Blue Jackets 3 0 0 0 1 3
Shots
1 2 3 OT1 SO T
Jets 8 18 15 1 3 42
Blue Jackets 14 11 6 0 3 31

1st period

1. Blue Jackets , Martin Havlat 29 (Pavel Datsyuk) at 3:00 (PP)
2. Blue Jackets , Mike Lundin 4 (Marcus Nilson, David Booth) at 12:19 (PP)
3. Jets , James Wright 1 (Lee Stempniak, Benoit Pouliot) at 16:20
4. Blue Jackets , Patric Hornqvist 19 (Pavel Datsyuk, Branislav Mezei) at 18:32 (PP)

Penalties :
Mikko Koivu (Win) for Hooking (Minor) at 2:31, Mikko Koivu (Win) for Holding (Minor) at 8:24, Michael Rupp (Win) for Hooking (Minor) at 11:47, Anton Volchenkov (Win) for Holding (Minor) at 12:56, Blake Wheeler (Win) for Holding (Minor) at 18:21

2nd period

5. Jets , Lee Stempniak 6 (James Wright) at 18:51

Penalties :
Michael Rupp (Win) for Hooking (Minor) at 0:41, Jason Ward (Clb) for Roughing (Minor) at 5:12, Mike Lundin (Clb) for Cross-checking (Minor) at 7:37, Patric Hornqvist (Clb) for Holding (Minor) at 7:44, Derek Roy (Win) for Slashing (Minor) at 8:02, Patric Hornqvist (Clb) for Hooking (Minor) at 12:37, Derek Stepan (Win) for High sticking (Minor) at 13:36, Martin Havlat (Clb) for Holding (Minor) at 16:28

3rd period

6. Jets , Mikko Koivu 18 (Michal Rozsival, Eric Fehr) at 13:58

Penalties :
Mike Lundin (Clb) for Holding (Minor) at 0:17, Patric Hornqvist (Clb) for Holding (Minor) at 0:20, Pavel Datsyuk (Clb) for Tripping (Minor) at 7:21, Kevin Bieksa (Clb) for Hooking (Minor) at 17:58

Overtime #1

No Goal

Penalties :
No Penalty

Shootout

Penalty Shot by Dustin Brown for Jets - Goal!
Penalty Shot by Pavel Datsyuk for Blue Jackets - Stopped by Jacob Markstrom
Penalty Shot by Benoit Pouliot for Jets - Goal!
Penalty Shot by Patric Hornqvist for Blue Jackets - Goal!
Penalty Shot by Derek Roy for Jets - Stopped by Rick DiPietro
Penalty Shot by David Booth for Blue Jackets - Stopped by Jacob Markstrom

Penalties :
No Penalty

Goalie Stats

Jacob Markstrom (Win), 28 saves from 31 shots - (0,903), W, 11-7-3, 65:00 minutes
Rick DiPietro (Clb), 39 saves from 42 shots - (0,929), OTL, 25-21-5, 65:00 minutes

Players Stats for Jets

Player Name              G  A  P  +/- PIM S  H  SB GA TA FO     MP     PP MP  PK MP  
------------------------------------------------------------------------------------
Anton Volchenkov         0  0  0   1  2   2  2  1  0  0  0/0    31:37   7:55   4:01 
Benoit Pouliot           0  1  1   0  0   4  1  0  0  1  2/2    23:41   5:36   0:37 
Blake Wheeler            0  0  0   0  2   2  4  1  0  0  0/0    18:57   5:10   5:00 
Derek Roy                0  0  0   0  2   3  3  1  1  0  24/46  25:01   5:35   3:12 
Derek Stepan             0  0  0   0  2   2  0  0  0  0  6/16   14:30   5:09   0:12 
Dmitri Kalinin           0  0  0   1  0   1  1  3  1  0  0/0    19:18   6:59   0:24 
Dustin Brown             0  0  0   0  0   5  0  0  0  0  2/6    24:32   5:36   2:38 
Eric Fehr                0  1  1   1  0   2  1  0  1  0  0/0     9:29   0:36   0:00 
Eric Gelinas             0  0  0   1  0   1  0  0  0  0  0/0     9:22   0:07   0:00 
Fredrik Sjostrom         0  0  0   2  0   3  0  0  0  0  0/0     8:48   0:36   0:00 
James Wright             1  1  2   2  0   4  2  0  0  0  7/15   11:27   0:00   5:03 
Jussi Jokinen            0  0  0   1  0   2  3  0  0  0  0/0    15:03   5:10   0:08 
Lee Stempniak            1  1  2   2  0   2  0  0  0  0  0/0     6:03   0:00   0:00 
Marco Scandella          0  0  0   1  0   3  3  0  0  2  0/0    20:58   4:16   3:11 
Michael Rupp             0  0  0   0  4   2  1  0  0  0  1/1     8:19   0:00   0:00 
Michal Rozsival          0  1  1   1  0   0  3  0  0  2  0/0    22:14   0:00   4:01 
Mikko Koivu              1  0  1   1  4   1  0  0  0  0  4/8    12:41   0:36   0:02 
Tyler Myers              0  0  0   1  0   3  1  0  0  0  0/0    26:45   3:27   5:15 

Players Stats for Blue Jackets

Player Name              G  A  P  +/- PIM S  H  SB GA TA FO     MP     PP MP  PK MP  
------------------------------------------------------------------------------------
A.J Thelen               0  0  0  -1  0   1  1  2  1  0  0/0    13:26   0:02   3:11 
Andreas Nodl             0  0  0   0  0   0  1  1  0  0  0/0     7:39   0:00   0:00 
Branislav Mezei          0  1  1  -2  0   2  0  3  0  0  0/0    33:21   6:01   8:01 
Cory Emmerton            0  0  0   0  0   2  0  0  1  0  1/5     6:45   0:00   0:00 
Dave Steckel             0  0  0   0  0   1  0  0  0  0  3/6    11:33   0:01   1:30 
David Booth              0  1  1  -2  0   4  3  2  0  0  2/4    22:01   4:42   3:05 
François Beauchemin      0  0  0   0  0   2  2  1  0  0  0/0    21:00   2:25   4:55 
Jan Bulis                0  0  0  -1  0   0  2  0  0  0  10/15  13:58   3:12   0:29 
Jason Ward               0  0  0   0  2   0  0  0  0  0  0/0     6:45   0:00   0:00 
Jeff Taffe               0  0  0   0  0   1  2  0  0  1  1/2    10:46   0:00   3:04 
Kevin Bieksa             0  0  0   0  2   3  2  0  0  1  0/0    20:14   2:25   4:24 
Marcus Nilson            0  1  1  -1  0   2  4  0  0  0  0/1    13:38   3:12   0:15 
Martin Havlat            1  0  1  -1  2   3  5  1  0  0  0/1    15:58   3:12   1:18 
Mike Commodore           0  0  0  -1  0   0  0  4  0  0  0/0    10:43   0:00   0:00 
Mike Lundin              1  0  1  -2  4   1  0  0  1  1  0/0    31:26   6:01   5:23 
Mike York                0  0  0   0  0   1  3  0  0  0  0/0    10:07   0:30   0:00 
Patric Hornqvist         1  0  1  -2  6   4  1  0  0  0  0/2    25:12   5:14   5:03 
Pavel Datsyuk            0  2  2  -2  2   4  3  0  2  0  31/58  27:28   5:13   7:16 

3 Stars

1 - James Wright (Win)
2 - Lee Stempniak (Win)
3 - Michal Rozsival (Win)

Power Play

Jets - 0 on 9 Attempt(s) - 0,00%
Blue Jackets - 3 on 8 Attempt(s) - 37,50%

Penalty Kill

Jets - 5 on 8 Attempt(s) - 62,50% - Score 0 goal in Penalty Kill
Blue Jackets - 9 on 9 Attempt(s) - 100,00% - Score 0 goal in Penalty Kill

Team Stat

Jets - Hits : 25 - Faceoff Wins : 46 - Blocked Shots : 6 - Penalty Minutes : 16
Blue Jackets - Hits : 29 - Faceoff Wins : 48 - Blocked Shots : 14 - Penalty Minutes : 18

Official

Referees : Meier Brad and Sutherland Kelly
Linesman : Vaughan Rody and Brian Mach

Game Notes

No Game Note

Finance

Level 1 -- Attendance: 4070 (67,83%) -- Ticket Income 366 300 $
Level 2 -- Attendance: 4038 (80,76%) -- Ticket Income 222 090 $
Level 3 -- Attendance: 1704 (85,20%) -- Ticket Income 51 120 $
Level 4 -- Attendance: 3647 (91,18%) -- Ticket Income 72 940 $
Luxury Box -- Attendance: 736 (73,60%) -- Ticket Income 136 160 $
Game was played at the Ohio State Arena.
Total Attendance: 14195 (78,86%)
Total Ticket Income: 848 610 $
Other Income: 127 292 $
Total Income: 975 902 $

Jets

5 vs 5 Forward 
   Center                   Left Wing                Right Wing               Time % Phy DF OF 
 1 Derek Roy                Benoit Pouliot           Dustin Brown             40     1   2  2  
 2 Derek Stepan             Michael Rupp             Blake Wheeler            30     1   2  2  
 3 Mikko Koivu              Jussi Jokinen            Eric Fehr                20     1   2  2  
 4 James Wright             Lee Stempniak            Fredrik Sjostrom         10     1   2  2  

5 vs 5 Defense 
   Defense                  Defense                                           Time % Phy DF OF 
 1 Michal Rozsival          Anton Volchenkov                                  40     1   2  2  
 2 Dmitri Kalinin           Tyler Myers                                       30     1   2  2  
 3 Eric Gelinas             Marco Scandella                                   20     1   2  2  
 4 Marco Scandella          Tyler Myers                                       10     1   2  2  

PowerPlay Forward 
   Center                   Left Wing                Right Wing               Time % Phy DF OF 
 1 Derek Roy                Benoit Pouliot           Dustin Brown             60     1   0  4  
 2 Derek Stepan             Jussi Jokinen            Blake Wheeler            40     0   0  5  

PowerPlay Defense
   Defense                  Defense                                           Time % Phy DF OF 
 1 Anton Volchenkov         Dmitri Kalinin                                    60     0   1  4  
 2 Tyler Myers              Marco Scandella                                   40     0   1  4  

Penalty Kill 4 Players Forward 
   Center                   Wing                     Time % Phy DF OF 
 1 James Wright             Blake Wheeler            60     0   4  1  
 2 Derek Roy                Dustin Brown             40     0   4  1  

Penalty Kill 4 Players Defense
   Defense                  Defense                  Time % Phy DF OF 
 1 Anton Volchenkov         Tyler Myers              60     1   2  2  
 2 Michal Rozsival          Marco Scandella          40     1   2  2  

Penalty Kill - 3 Players Forward 
   Forward                                           Time % Phy DF OF 
 1 Blake Wheeler                                     60     0   5  0  
 2 James Wright                                      40     0   5  0  

Penalty Kill - 3 Players Defense
   Defense                  Defense                  Time % Phy DF OF 
 1 Anton Volchenkov         Tyler Myers              60     0   5  0  
 2 Marco Scandella          Michal Rozsival          40     0   5  0  

4 vs 4 Forward 
   Center                   Wing                     Time % Phy DF OF 
 1 Derek Roy                Benoit Pouliot           60     1   2  2  
 2 Mikko Koivu              Dustin Brown             40     1   2  2  

4 vs 4 Defense
   Defense                  Defense                  Time % Phy DF OF 
 1 Anton Volchenkov         Tyler Myers              60     1   2  2  
 2 Michal Rozsival          Marco Scandella          40     1   2  2  

Last Minutes Offensive
   Center                   Left Wing                Right Wing               Defense                  Defense                  
   Derek Roy                Benoit Pouliot           Dustin Brown             Michal Rozsival          Anton Volchenkov         

Last Minutes Defensive
   Center                   Left Wing                Right Wing               Defense                  Defense                  
   Derek Roy                Benoit Pouliot           Dustin Brown             Michal Rozsival          Anton Volchenkov         

Goaltenders
Starting : Jacob Markstrom          
Backup : Kari Lehtonen            

Extra Forwards
Normal : Dustin Brown, Benoit Pouliot, Derek Roy - PP : Dustin Brown, Benoit Pouliot - PK : Derek Roy
Extra Defensemen
Normal : Anton Volchenkov, Michal Rozsival, Tyler Myers - PP : Marco Scandella - PK : Michal Rozsival, Anton Volchenkov
Penalty Shots
Dustin Brown, Benoit Pouliot, Derek Roy, Blake Wheeler, James Wright

Blue Jackets

5 vs 5 Forward 
   Center                   Left Wing                Right Wing               Time % Phy DF OF 
 1 Pavel Datsyuk            David Booth              Patric Hornqvist         40     1   2  2  
 2 Jan Bulis                Marcus Nilson            Martin Havlat            30     1   2  2  
 3 Dave Steckel             Mike York                Andreas Nodl             20     1   2  2  
 4 Cory Emmerton            Jeff Taffe               Jason Ward               10     1   2  2  

5 vs 5 Defense 
   Defense                  Defense                                           Time % Phy DF OF 
 1 Branislav Mezei          Mike Lundin                                       40     1   2  2  
 2 Kevin Bieksa             François Beauchemin                               30     1   2  2  
 3 Mike Commodore           A.J Thelen                                        20     1   2  2  
 4 Branislav Mezei          Mike Lundin                                       10     1   2  2  

PowerPlay Forward 
   Center                   Left Wing                Right Wing               Time % Phy DF OF 
 1 Pavel Datsyuk            David Booth              Patric Hornqvist         60     1   2  2  
 2 Jan Bulis                Marcus Nilson            Martin Havlat            40     1   2  2  

PowerPlay Defense
   Defense                  Defense                                           Time % Phy DF OF 
 1 Branislav Mezei          Mike Lundin                                       60     1   2  2  
 2 Kevin Bieksa             François Beauchemin                               40     1   2  2  

Penalty Kill 4 Players Forward 
   Center                   Wing                     Time % Phy DF OF 
 1 Pavel Datsyuk            Patric Hornqvist         60     1   2  2  
 2 David Booth              Martin Havlat            40     1   2  2  

Penalty Kill 4 Players Defense
   Defense                  Defense                  Time % Phy DF OF 
 1 Branislav Mezei          Mike Lundin              60     1   2  2  
 2 Kevin Bieksa             François Beauchemin      40     1   2  2  

Penalty Kill - 3 Players Forward 
   Forward                                           Time % Phy DF OF 
 1 Pavel Datsyuk                                     60     1   2  2  
 2 Patric Hornqvist                                  40     1   2  2  

Penalty Kill - 3 Players Defense
   Defense                  Defense                  Time % Phy DF OF 
 1 Branislav Mezei          Mike Lundin              60     1   2  2  
 2 Kevin Bieksa             François Beauchemin      40     1   2  2  

4 vs 4 Forward 
   Center                   Wing                     Time % Phy DF OF 
 1 Pavel Datsyuk            Patric Hornqvist         60     1   2  2  
 2 David Booth              Martin Havlat            40     1   2  2  

4 vs 4 Defense
   Defense                  Defense                  Time % Phy DF OF 
 1 Branislav Mezei          Mike Lundin              60     1   2  2  
 2 Kevin Bieksa             François Beauchemin      40     1   2  2  

Last Minutes Offensive
   Center                   Left Wing                Right Wing               Defense                  Defense                  
   Pavel Datsyuk            David Booth              Patric Hornqvist         Branislav Mezei          Mike Lundin              

Last Minutes Defensive
   Center                   Left Wing                Right Wing               Defense                  Defense                  
   Pavel Datsyuk            David Booth              Patric Hornqvist         Branislav Mezei          Mike Lundin              

Goaltenders
Starting : Rick DiPietro            
Backup : Niklas Backstrom         

Extra Forwards
Normal : Mike York, Dave Steckel, Jeff Taffe - PP : Mike York, Dave Steckel - PK : Jeff Taffe
Extra Defensemen
Normal : Mike Commodore, A.J Thelen, Kevin Bieksa - PP : Mike Commodore - PK : A.J Thelen, Kevin Bieksa
Penalty Shots
Pavel Datsyuk, Patric Hornqvist, David Booth, Martin Havlat, Marcus Nilson

% Time on Ice - Jets

Lines # - Real PCT - Wanted PCT - Time Play
Normal Forward
1 - 38% - 40% - 14:11
2 - 23% - 30% - 8:27
3 - 24% - 20% - 8:50
4 - 16% - 10% - 6:03
Normal Defense
1 - 41% - 40% - 15:16
2 - 33% - 30% - 12:17
3 - 23% - 20% - 8:44
4 - 3% - 10% - 1:14
PP Forward
1 - 52% - 60% - 5:54
2 - 48% - 40% - 5:28
PP Defense
1 - 70% - 60% - 7:55
2 - 30% - 40% - 3:27
PK Forward
1 - 70% - 60% - 5:56
2 - 30% - 40% - 2:30
PK Defense
1 - 62% - 60% - 5:15
2 - 38% - 40% - 3:11
PK3 Forward
1 - 0% - 60%
2 - 0% - 40%
PK3 Defense
1 - 0% - 60%
2 - 0% - 40%
44 Forward
1 - 85% - 60% - 6:32
2 - 15% - 40% - 1:09
44 Defense
1 - 59% - 60% - 4:33
2 - 41% - 40% - 3:08
Last Minute Offensive  - 0:00
Last Minute Defensive  - 0:00
Total
Forward - 65:00
Defense - 65:00

% Time on Ice - Blue Jackets

Lines # - Real PCT - Wanted PCT - Time Play
Normal Forward
1 - 34% - 40% - 12:55
2 - 27% - 30% - 10:12
3 - 20% - 20% - 7:39
4 - 18% - 10% - 6:45
Normal Defense
1 - 44% - 40% - 16:29
2 - 30% - 30% - 11:11
3 - 25% - 20% - 9:12
4 - 2% - 10% - 0:39
PP Forward
1 - 62% - 60% - 5:14
2 - 38% - 40% - 3:12
PP Defense
1 - 71% - 60% - 6:01
2 - 29% - 40% - 2:25
PK Forward
1 - 79% - 60% - 7:15
2 - 21% - 40% - 1:53
PK Defense
1 - 61% - 60% - 5:33
2 - 39% - 40% - 3:35
PK3 Forward
1 - 57% - 60% - 2:10
2 - 43% - 40% - 1:38
PK3 Defense
1 - 65% - 60% - 2:29
2 - 35% - 40% - 1:19
44 Forward
1 - 82% - 60% - 5:00
2 - 18% - 40% - 1:07
44 Defense
1 - 63% - 60% - 3:52
2 - 37% - 40% - 2:15
Last Minute Offensive  - 0:00
Last Minute Defensive  - 0:00
Total
Forward - 65:00
Defense - 65:00

Play by Play

1st period


0:01 of 1st period - Pavel Datsyuk wins face-off versus Derek Roy in neutral zone.
0:27 of 1st period - Michal Rozsival is hit by Martin Havlat and loses puck.
0:50 of 1st period - Jussi Jokinen is hit by Jeff Taffe and loses puck.
1:38 of 1st period - Slapshot by Blake Wheeler.
1:38 of 1st period - Shot Blocked by Mike Commodore.
1:40 of 1st period - Wrist shot by Michael Rupp.
1:40 of 1st period - Stopped by Rick DiPietro without a rebound.
1:41 of 1st period - Derek Roy wins face-off versus Pavel Datsyuk in Blue Jackets zone.
2:11 of 1st period - Icing by Branislav Mezei.
2:12 of 1st period - Jan Bulis wins face-off versus Mikko Koivu in Blue Jackets zone.
2:12 of 1st period - Jan Bulis is hit by Marco Scandella.
2:31 of 1st period - Minor Penalty to Mikko Koivu for Hooking.
2:32 of 1st period - Pavel Datsyuk wins face-off versus James Wright in Jets zone.
3:00 of 1st period - Wrist shot by Martin Havlat.
3:00 of 1st period - Goal by Martin Havlat - Jets : 0 - Blue Jackets : 1.
3:01 of 1st period - Derek Roy wins face-off versus Pavel Datsyuk in neutral zone.
3:11 of 1st period - Snap shot by Patric Hornqvist.
3:11 of 1st period - Stopped by Jacob Markstrom without a rebound.
3:12 of 1st period - Pavel Datsyuk wins face-off versus Derek Stepan in Jets zone.
3:39 of 1st period - Slapshot by Benoit Pouliot.
3:39 of 1st period - Stopped by Rick DiPietro without a rebound.
3:40 of 1st period - Jan Bulis wins face-off versus Derek Roy in Blue Jackets zone.
3:47 of 1st period - Slapshot by Branislav Mezei.
3:47 of 1st period - Shot Blocked by Dmitri Kalinin.
3:49 of 1st period - Slapshot by Branislav Mezei.
3:49 of 1st period - Shot Blocked by Dmitri Kalinin.
3:51 of 1st period - Slapshot by Marcus Nilson.
3:51 of 1st period - Stopped by Jacob Markstrom without a rebound.
3:52 of 1st period - Pavel Datsyuk wins face-off versus Derek Stepan in Jets zone.
3:53 of 1st period - Wrist shot by David Booth.
3:53 of 1st period - Stopped by Jacob Markstrom without a rebound.
3:54 of 1st period - Derek Stepan wins face-off versus Pavel Datsyuk in Jets zone.
4:10 of 1st period - Off-side.
4:11 of 1st period - Derek Roy wins face-off versus Jeff Taffe in neutral zone.
5:17 of 1st period - Snap shot by James Wright.
5:17 of 1st period - Stopped by Rick DiPietro with a rebound.
5:19 of 1st period - Snap shot by Fredrik Sjostrom.
5:19 of 1st period - Stopped by Rick DiPietro with a rebound.
5:21 of 1st period - Slapshot by Dmitri Kalinin.
5:21 of 1st period - Shot Blocked by François Beauchemin.
5:45 of 1st period - Wrist shot by Cory Emmerton.
5:45 of 1st period - Stopped by Jacob Markstrom with a rebound.
6:20 of 1st period - Off-side.
6:21 of 1st period - Pavel Datsyuk wins face-off versus Mikko Koivu in neutral zone.
6:35 of 1st period - Snap shot by Eric Fehr.
6:35 of 1st period - Shot Misses the Net.
6:37 of 1st period - Slapshot by Marco Scandella.
6:37 of 1st period - Shot Blocked by Mike Commodore.
6:55 of 1st period - Wrist shot by Andreas Nodl.
6:55 of 1st period - Shot Misses the Net.
6:57 of 1st period - Slapshot by Mike Commodore.
6:57 of 1st period - Shot Misses the Net.
7:09 of 1st period - Wrist shot by Derek Roy.
7:09 of 1st period - Shot Blocked by Branislav Mezei.
8:09 of 1st period - Eric Gelinas is hit by Martin Havlat and loses puck.
8:18 of 1st period - Wrist shot by Marcus Nilson.
8:18 of 1st period - Shot Misses the Net.
8:24 of 1st period - Minor Penalty to Mikko Koivu for Holding.
8:25 of 1st period - Pavel Datsyuk wins face-off versus James Wright in Jets zone.
8:34 of 1st period - Snap shot by Patric Hornqvist.
8:34 of 1st period - Shot Misses the Net.
8:36 of 1st period - Snap shot by Branislav Mezei.
8:36 of 1st period - Deflect By David Booth.
8:36 of 1st period - Shot Blocked by Blake Wheeler.
8:36 of 1st period - Puck is out of play.
8:37 of 1st period - Pavel Datsyuk wins face-off versus James Wright in Jets zone.
8:48 of 1st period - Wrist shot by Pavel Datsyuk.
8:48 of 1st period - Shot Blocked by Anton Volchenkov.
9:04 of 1st period - Tyler Myers is hit by Martin Havlat and loses puck.
9:41 of 1st period - Michal Rozsival is hit by Martin Havlat and loses puck.
10:24 of 1st period - Penalty to Mikko Koivu is over, Mikko Koivu is back on ice.
10:35 of 1st period - Tyler Myers is hit by Mike York and loses puck.
10:50 of 1st period - A.J Thelen is hit by James Wright and loses puck.
11:14 of 1st period - Mike York is hit by Derek Roy and loses puck.
11:19 of 1st period - Wrist shot by Dustin Brown.
11:19 of 1st period - Deflect By Derek Roy.
11:19 of 1st period - Shot Blocked by Andreas Nodl.
11:19 of 1st period - Puck is out of play.
11:20 of 1st period - Derek Roy wins face-off versus Pavel Datsyuk in Blue Jackets zone.
11:41 of 1st period - Snap shot by Pavel Datsyuk.
11:41 of 1st period - Stopped by Jacob Markstrom with a rebound.
11:43 of 1st period - Slapshot by François Beauchemin.
11:43 of 1st period - Stopped by Jacob Markstrom with a rebound.
11:45 of 1st period - Snap shot by Jan Bulis.
11:45 of 1st period - Deflect By Martin Havlat.
11:45 of 1st period - Shot Blocked by Dmitri Kalinin.
11:45 of 1st period - Puck is out of play.
11:46 of 1st period - Derek Stepan wins face-off versus Marcus Nilson in Jets zone.
11:46 of 1st period - Derek Stepan is hit by Jan Bulis.
11:47 of 1st period - Minor Penalty to Michael Rupp for Hooking.
11:48 of 1st period - James Wright wins face-off versus Pavel Datsyuk in Jets zone.
12:19 of 1st period - Snap shot by Mike Lundin.
12:19 of 1st period - Goal by Mike Lundin - Jets : 0 - Blue Jackets : 2.
12:20 of 1st period - Dustin Brown wins face-off versus Pavel Datsyuk in neutral zone.
12:31 of 1st period - Backhand shot by Patric Hornqvist.
12:31 of 1st period - Stopped by Jacob Markstrom without a rebound.
12:32 of 1st period - Pavel Datsyuk wins face-off versus Derek Roy in Jets zone.
12:35 of 1st period - Wrist shot by Pavel Datsyuk.
12:35 of 1st period - Stopped by Jacob Markstrom without a rebound.
12:36 of 1st period - Pavel Datsyuk wins face-off versus Derek Roy in Jets zone.
12:56 of 1st period - Minor Penalty to Anton Volchenkov for Holding.
12:57 of 1st period - James Wright wins face-off versus Pavel Datsyuk in Jets zone.
13:12 of 1st period - Off-side.
13:13 of 1st period - James Wright wins face-off versus Pavel Datsyuk in neutral zone.
14:37 of 1st period - Dustin Brown is hit by David Booth and loses puck.
14:56 of 1st period - Penalty to Anton Volchenkov is over, Anton Volchenkov is back on ice.
15:10 of 1st period - Snap shot by Cory Emmerton.
15:10 of 1st period - Stopped by Jacob Markstrom without a rebound.
15:11 of 1st period - Mikko Koivu wins face-off versus Cory Emmerton in Jets zone.
15:11 of 1st period - Mikko Koivu is hit by Jeff Taffe.
15:19 of 1st period - Wrist shot by Mikko Koivu.
15:19 of 1st period - Shot Blocked by Mike Commodore.
15:21 of 1st period - Slapshot by Eric Fehr.
15:21 of 1st period - Stopped by Rick DiPietro without a rebound.
15:22 of 1st period - Derek Roy wins face-off versus Jan Bulis in Blue Jackets zone.
15:28 of 1st period - Icing by Martin Havlat.
15:29 of 1st period - Jan Bulis wins face-off versus Derek Roy in Blue Jackets zone.
15:36 of 1st period - Snap shot by Martin Havlat.
15:36 of 1st period - Shot Blocked by Derek Roy.
15:38 of 1st period - Snap shot by Branislav Mezei.
15:38 of 1st period - Shot Misses the Net.
15:40 of 1st period - Backhand shot by Mike Lundin.
15:40 of 1st period - Shot Misses the Net.
15:42 of 1st period - Snap shot by Martin Havlat.
15:42 of 1st period - Stopped by Jacob Markstrom without a rebound.
15:43 of 1st period - Derek Stepan wins face-off versus Pavel Datsyuk in Jets zone.
16:20 of 1st period - Backhand shot by James Wright.
16:20 of 1st period - Goal by James Wright - Jets : 1 - Blue Jackets : 2.
16:21 of 1st period - Derek Roy wins face-off versus Jan Bulis in neutral zone.
16:24 of 1st period - Slapshot by Anton Volchenkov.
16:24 of 1st period - Stopped by Rick DiPietro without a rebound.
16:25 of 1st period - Jan Bulis wins face-off versus Dustin Brown in Blue Jackets zone.
16:25 of 1st period - Jan Bulis is hit by Derek Roy.
16:33 of 1st period - Snap shot by Marcus Nilson.
16:33 of 1st period - Stopped by Jacob Markstrom without a rebound.
16:34 of 1st period - Pavel Datsyuk wins face-off versus Derek Roy in Jets zone.
17:01 of 1st period - Branislav Mezei is hit by Michael Rupp and loses puck.
17:23 of 1st period - Off-side.
17:24 of 1st period - Dave Steckel wins face-off versus James Wright in neutral zone.
18:21 of 1st period - Minor Penalty to Blake Wheeler for Holding.
18:22 of 1st period - James Wright wins face-off versus Pavel Datsyuk in Jets zone.
18:22 of 1st period - James Wright is hit by Pavel Datsyuk.
18:32 of 1st period - Wrist shot by Patric Hornqvist.
18:32 of 1st period - Goal by Patric Hornqvist - Jets : 1 - Blue Jackets : 3.
18:33 of 1st period - Derek Roy wins face-off versus Pavel Datsyuk in neutral zone.
19:02 of 1st period - Martin Havlat is hit by Tyler Myers and loses puck.
19:21 of 1st period - Kevin Bieksa is hit by Dmitri Kalinin.
19:42 of 1st period - Slapshot by Dmitri Kalinin.
19:42 of 1st period - Stopped by Rick DiPietro without a rebound.
19:43 of 1st period - Mikko Koivu wins face-off versus Cory Emmerton in Blue Jackets zone.
19:46 of 1st period - Snap shot by Mikko Koivu.
19:46 of 1st period - Shot Misses the Net.
Goals for this period are 1 for Jets vs 3 for Blue Jackets.
Shots for this period are 8 for Jets vs 14 for Blue Jackets.

2nd period


0:01 of 2nd period - Derek Roy wins face-off versus Pavel Datsyuk in neutral zone.
0:08 of 2nd period - Wrist shot by Patric Hornqvist.
0:08 of 2nd period - Shot Misses the Net.
0:10 of 2nd period - Snap shot by Patric Hornqvist.
0:10 of 2nd period - Shot Misses the Net.
0:26 of 2nd period - Marcus Nilson is hit by Blake Wheeler and loses puck.
0:41 of 2nd period - Minor Penalty to Michael Rupp for Hooking.
0:42 of 2nd period - Pavel Datsyuk wins face-off versus James Wright in Jets zone.
0:55 of 2nd period - Wrist shot by Pavel Datsyuk.
0:55 of 2nd period - Stopped by Jacob Markstrom without a rebound.
0:56 of 2nd period - James Wright wins face-off versus Pavel Datsyuk in Jets zone.
1:14 of 2nd period - Icing by Patric Hornqvist.
1:15 of 2nd period - Pavel Datsyuk wins face-off versus Derek Roy in Blue Jackets zone.
1:24 of 2nd period - Slapshot by Pavel Datsyuk.
1:24 of 2nd period - Shot Misses the Net.
1:48 of 2nd period - Snap shot by Patric Hornqvist.
1:48 of 2nd period - Shot Misses the Net.
1:58 of 2nd period - Snap shot by Derek Roy.
1:58 of 2nd period - Shot Hit the Post.
2:00 of 2nd period - Snap shot by Tyler Myers.
2:00 of 2nd period - Stopped by Rick DiPietro without a rebound.
2:01 of 2nd period - Jan Bulis wins face-off versus Derek Roy in Blue Jackets zone.
2:41 of 2nd period - Penalty to Michael Rupp is over, Michael Rupp is back on ice.
2:58 of 2nd period - Wrist shot by Jussi Jokinen.
2:58 of 2nd period - Deflect By Eric Fehr.
2:58 of 2nd period - Shot Blocked by Branislav Mezei.
2:58 of 2nd period - Puck is out of play.
2:59 of 2nd period - Derek Roy wins face-off versus Cory Emmerton in Blue Jackets zone.
3:07 of 2nd period - Snap shot by Benoit Pouliot.
3:07 of 2nd period - Stopped by Rick DiPietro without a rebound.
3:08 of 2nd period - Derek Roy wins face-off versus Cory Emmerton in Blue Jackets zone.
3:43 of 2nd period - Slapshot by A.J Thelen.
3:43 of 2nd period - Shot Misses the Net.
3:45 of 2nd period - Snap shot by Mike Commodore.
3:45 of 2nd period - Shot Misses the Net.
3:47 of 2nd period - Slapshot by A.J Thelen.
3:47 of 2nd period - Stopped by Jacob Markstrom with a rebound.
4:57 of 2nd period - Snap shot by Benoit Pouliot.
4:57 of 2nd period - Shot Blocked by Mike Commodore.
5:12 of 2nd period - Minor Penalty to Jason Ward for Roughing.
5:13 of 2nd period - Pavel Datsyuk wins face-off versus Derek Stepan in Blue Jackets zone.
5:13 of 2nd period - Pavel Datsyuk is hit by Blake Wheeler.
5:51 of 2nd period - François Beauchemin is hit by Jussi Jokinen.
6:01 of 2nd period - Slapshot by Anton Volchenkov.
6:01 of 2nd period - Stopped by Rick DiPietro without a rebound.
6:02 of 2nd period - Mikko Koivu wins face-off versus David Booth in Blue Jackets zone.
6:09 of 2nd period - Wrist shot by Eric Fehr.
6:09 of 2nd period - Shot Misses the Net.
6:11 of 2nd period - Wrist shot by Fredrik Sjostrom.
6:11 of 2nd period - Stopped by Rick DiPietro with a rebound.
6:13 of 2nd period - Slapshot by Tyler Myers.
6:13 of 2nd period - Deflect By Eric Fehr.
6:13 of 2nd period - Shot Blocked by David Booth.
6:13 of 2nd period - Puck is out of play.
6:14 of 2nd period - Pavel Datsyuk wins face-off versus Derek Stepan in Blue Jackets zone.
6:14 of 2nd period - Pavel Datsyuk is hit by Anton Volchenkov.
6:26 of 2nd period - Branislav Mezei is hit by Anton Volchenkov and loses puck.
6:52 of 2nd period - Icing by Derek Roy.
6:53 of 2nd period - Benoit Pouliot wins face-off versus Martin Havlat in Jets zone.
7:12 of 2nd period - Penalty to Jason Ward is over, Jason Ward is back on ice.
7:20 of 2nd period - Wrist shot by Dave Steckel.
7:20 of 2nd period - Stopped by Jacob Markstrom with a rebound.
7:22 of 2nd period - Snap shot by Kevin Bieksa.
7:22 of 2nd period - Deflect By James Wright.
7:22 of 2nd period - Stopped by Jacob Markstrom with a rebound.
7:24 of 2nd period - Slapshot by François Beauchemin.
7:24 of 2nd period - Deflect By Marco Scandella.
7:24 of 2nd period - Stopped by Jacob Markstrom without a rebound.
7:25 of 2nd period - Pavel Datsyuk wins face-off versus James Wright in Jets zone.
7:32 of 2nd period - Slapshot by Lee Stempniak.
7:32 of 2nd period - Shot Misses the Net.
7:34 of 2nd period - Backhand shot by James Wright.
7:34 of 2nd period - Stopped by Rick DiPietro with a rebound.
7:36 of 2nd period - Slapshot by Marco Scandella.
7:36 of 2nd period - Stopped by Rick DiPietro without a rebound.
7:37 of 2nd period - David Booth wins face-off versus Derek Stepan in Blue Jackets zone.
7:37 of 2nd period - Minor Penalty to Mike Lundin for Cross-checking.
7:38 of 2nd period - Derek Roy wins face-off versus Pavel Datsyuk in Blue Jackets zone.
7:44 of 2nd period - Minor Penalty to Patric Hornqvist for Holding.
7:45 of 2nd period - Derek Roy wins face-off versus Pavel Datsyuk in Blue Jackets zone.
8:02 of 2nd period - Minor Penalty to Derek Roy for Slashing.
8:03 of 2nd period - Pavel Datsyuk wins face-off versus Dustin Brown in Jets zone.
9:37 of 2nd period - Penalty to Mike Lundin is over, Mike Lundin is back on ice.
9:44 of 2nd period - Penalty to Patric Hornqvist is over, Patric Hornqvist is back on ice.
9:58 of 2nd period - Marco Scandella is hit by Kevin Bieksa.
10:02 of 2nd period - Penalty to Derek Roy is over, Derek Roy is back on ice.
11:17 of 2nd period - Icing by Dmitri Kalinin.
11:18 of 2nd period - Dave Steckel wins face-off versus James Wright in Jets zone.
11:49 of 2nd period - Snap shot by Derek Stepan.
11:49 of 2nd period - Shot Misses the Net.
11:51 of 2nd period - Slapshot by Tyler Myers.
11:51 of 2nd period - Stopped by Rick DiPietro without a rebound.
11:52 of 2nd period - Pavel Datsyuk wins face-off versus Derek Stepan in Blue Jackets zone.
11:59 of 2nd period - Slapshot by Branislav Mezei.
11:59 of 2nd period - Stopped by Jacob Markstrom without a rebound.
12:00 of 2nd period - Derek Stepan wins face-off versus Pavel Datsyuk in Jets zone.
12:20 of 2nd period - Off-side.
12:21 of 2nd period - Derek Roy wins face-off versus Jan Bulis in neutral zone.
12:34 of 2nd period - Wrist shot by Dustin Brown.
12:34 of 2nd period - Stopped by Rick DiPietro without a rebound.
12:35 of 2nd period - Pavel Datsyuk wins face-off versus Derek Stepan in Blue Jackets zone.
12:37 of 2nd period - Minor Penalty to Patric Hornqvist for Hooking.
12:38 of 2nd period - Derek Roy wins face-off versus Pavel Datsyuk in Blue Jackets zone.
12:42 of 2nd period - Snap shot by Dustin Brown.
12:42 of 2nd period - Stopped by Rick DiPietro without a rebound.
12:43 of 2nd period - Derek Roy wins face-off versus Pavel Datsyuk in Blue Jackets zone.
12:48 of 2nd period - Wrist shot by Derek Roy.
12:48 of 2nd period - Stopped by Rick DiPietro with a rebound.
12:50 of 2nd period - Slapshot by Dmitri Kalinin.
12:50 of 2nd period - Deflect By Dustin Brown.
12:50 of 2nd period - Shot Misses the Net.
12:50 of 2nd period - Puck is out of play.
12:51 of 2nd period - Pavel Datsyuk wins face-off versus Dustin Brown in Blue Jackets zone.
13:04 of 2nd period - Slapshot by Dustin Brown.
13:04 of 2nd period - Stopped by Rick DiPietro with a rebound.
13:36 of 2nd period - Minor Penalty to Derek Stepan for High sticking.
13:37 of 2nd period - Pavel Datsyuk wins face-off versus Derek Roy in Jets zone.
14:06 of 2nd period - Off-side.
14:07 of 2nd period - Mikko Koivu wins face-off versus Dave Steckel in neutral zone.
14:16 of 2nd period - Snap shot by Dustin Brown.
14:16 of 2nd period - Stopped by Rick DiPietro with a rebound.
14:37 of 2nd period - Penalty to Patric Hornqvist is over, Patric Hornqvist is back on ice.
15:00 of 2nd period - Wrist shot by James Wright.
15:00 of 2nd period - Stopped by Rick DiPietro with a rebound.
15:02 of 2nd period - Snap shot by Blake Wheeler.
15:02 of 2nd period - Shot Misses the Net.
15:36 of 2nd period - Penalty to Derek Stepan is over, Derek Stepan is back on ice.
15:42 of 2nd period - Wrist shot by Patric Hornqvist.
15:42 of 2nd period - Stopped by Jacob Markstrom with a rebound.
15:44 of 2nd period - Slapshot by Kevin Bieksa.
15:44 of 2nd period - Stopped by Jacob Markstrom without a rebound.
15:45 of 2nd period - Derek Roy wins face-off versus Dave Steckel in Jets zone.
16:00 of 2nd period - Slapshot by Benoit Pouliot.
16:00 of 2nd period - Shot Blocked by David Booth.
16:17 of 2nd period - Snap shot by Jussi Jokinen.
16:17 of 2nd period - Deflect By Eric Fehr.
16:17 of 2nd period - Stopped by Rick DiPietro without a rebound.
16:18 of 2nd period - Jan Bulis wins face-off versus Derek Stepan in Blue Jackets zone.
16:18 of 2nd period - Jan Bulis is hit by Blake Wheeler.
16:24 of 2nd period - Wrist shot by Derek Stepan.
16:24 of 2nd period - Stopped by Rick DiPietro without a rebound.
16:25 of 2nd period - Michael Rupp wins face-off versus Jan Bulis in Blue Jackets zone.
16:26 of 2nd period - Snap shot by Derek Stepan.
16:26 of 2nd period - Shot Misses the Net.
16:28 of 2nd period - Minor Penalty to Martin Havlat for Holding.
16:29 of 2nd period - Benoit Pouliot wins face-off versus Pavel Datsyuk in Blue Jackets zone.
17:09 of 2nd period - Snap shot by Branislav Mezei.
17:09 of 2nd period - Stopped by Jacob Markstrom without a rebound.
17:10 of 2nd period - David Booth wins face-off versus Derek Roy in Jets zone.
17:11 of 2nd period - Slapshot by Kevin Bieksa.
17:11 of 2nd period - Stopped by Jacob Markstrom without a rebound.
17:12 of 2nd period - Dustin Brown wins face-off versus Patric Hornqvist in Jets zone.
17:24 of 2nd period - Off-side.
17:25 of 2nd period - Pavel Datsyuk wins face-off versus Derek Roy in neutral zone.
18:02 of 2nd period - Jeff Taffe is hit by Benoit Pouliot and loses puck.
18:28 of 2nd period - Penalty to Martin Havlat is over, Martin Havlat is back on ice.
18:37 of 2nd period - Snap shot by Lee Stempniak.
18:37 of 2nd period - Stopped by Rick DiPietro without a rebound.
18:38 of 2nd period - James Wright wins face-off versus Jan Bulis in Blue Jackets zone.
18:49 of 2nd period - Snap shot by James Wright.
18:49 of 2nd period - Shot Blocked by Martin Havlat.
18:51 of 2nd period - Snap shot by Lee Stempniak.
18:51 of 2nd period - Goal by Lee Stempniak - Jets : 2 - Blue Jackets : 3.
18:52 of 2nd period - Pavel Datsyuk wins face-off versus Derek Roy in neutral zone.
19:19 of 2nd period - Jan Bulis is hit by Michal Rozsival and loses puck.
19:26 of 2nd period - Snap shot by Derek Stepan.
19:26 of 2nd period - Deflect By Michael Rupp.
19:26 of 2nd period - Stopped by Rick DiPietro with a rebound.
19:53 of 2nd period - Slapshot by Mike York.
19:53 of 2nd period - Stopped by Jacob Markstrom without a rebound.
19:54 of 2nd period - Pavel Datsyuk wins face-off versus Derek Roy in Jets zone.
Goals for this period are 1 for Jets vs 0 for Blue Jackets.
Shots for this period are 18 for Jets vs 11 for Blue Jackets.

3rd period


0:01 of 3rd period - Pavel Datsyuk wins face-off versus Derek Stepan in neutral zone.
0:17 of 3rd period - Minor Penalty to Mike Lundin for Holding.
0:18 of 3rd period - Pavel Datsyuk wins face-off versus Derek Roy in Blue Jackets zone.
0:20 of 3rd period - Minor Penalty to Patric Hornqvist for Holding.
0:21 of 3rd period - Pavel Datsyuk wins face-off versus Derek Roy in Blue Jackets zone.
0:57 of 3rd period - Pavel Datsyuk is hit by Jussi Jokinen and loses puck.
1:34 of 3rd period - Derek Roy is hit by François Beauchemin and loses puck.
2:10 of 3rd period - Branislav Mezei is hit by Marco Scandella and loses puck.
2:17 of 3rd period - Penalty to Mike Lundin is over, Mike Lundin is back on ice.
2:20 of 3rd period - Penalty to Patric Hornqvist is over, Patric Hornqvist is back on ice.
3:00 of 3rd period - Mike Lundin is hit by Jussi Jokinen and loses puck.
3:19 of 3rd period - Tyler Myers is hit by David Booth and loses puck.
3:40 of 3rd period - Anton Volchenkov is hit by Jan Bulis and loses puck.
3:53 of 3rd period - Derek Stepan is hit by Mike York.
4:17 of 3rd period - Lee Stempniak is hit by Patric Hornqvist and loses puck.
4:34 of 3rd period - Mikko Koivu is hit by Marcus Nilson and loses puck.
4:53 of 3rd period - Dustin Brown is hit by Andreas Nodl and loses puck.
5:13 of 3rd period - Kevin Bieksa is hit by Blake Wheeler and loses puck.
5:37 of 3rd period - Dustin Brown is hit by Marcus Nilson and loses puck.
5:52 of 3rd period - Wrist shot by Fredrik Sjostrom.
5:52 of 3rd period - Shot Misses the Net.
5:54 of 3rd period - Slapshot by Tyler Myers.
5:54 of 3rd period - Stopped by Rick DiPietro without a rebound.
5:55 of 3rd period - James Wright wins face-off versus Patric Hornqvist in Blue Jackets zone.
6:02 of 3rd period - Slapshot by Lee Stempniak.
6:02 of 3rd period - Shot Blocked by A.J Thelen.
6:04 of 3rd period - Slapshot by Marco Scandella.
6:04 of 3rd period - Stopped by Rick DiPietro without a rebound.
6:05 of 3rd period - Derek Stepan wins face-off versus Pavel Datsyuk in Blue Jackets zone.
6:06 of 3rd period - Snap shot by Blake Wheeler.
6:06 of 3rd period - Stopped by Rick DiPietro with a rebound.
6:08 of 3rd period - Slapshot by Eric Gelinas.
6:08 of 3rd period - Stopped by Rick DiPietro with a rebound.
6:10 of 3rd period - Snap shot by Michael Rupp.
6:10 of 3rd period - Shot Blocked by A.J Thelen.
6:18 of 3rd period - Snap shot by Michael Rupp.
6:18 of 3rd period - Shot Misses the Net.
6:20 of 3rd period - Snap shot by Michael Rupp.
6:20 of 3rd period - Deflect By Blake Wheeler.
6:20 of 3rd period - Stopped by Rick DiPietro without a rebound.
6:21 of 3rd period - Jan Bulis wins face-off versus Derek Roy in Blue Jackets zone.
6:25 of 3rd period - Icing by Mike Lundin.
6:26 of 3rd period - Jan Bulis wins face-off versus Derek Roy in Blue Jackets zone.
6:26 of 3rd period - Jan Bulis is hit by Michal Rozsival.
6:35 of 3rd period - Icing by Michal Rozsival.
6:36 of 3rd period - Derek Roy wins face-off versus Pavel Datsyuk in Jets zone.
7:12 of 3rd period - Backhand shot by Benoit Pouliot.
7:12 of 3rd period - Shot Misses the Net.
7:21 of 3rd period - Minor Penalty to Pavel Datsyuk for Tripping.
7:22 of 3rd period - Jeff Taffe wins face-off versus Derek Stepan in Blue Jackets zone.
7:30 of 3rd period - Wrist shot by Jussi Jokinen.
7:30 of 3rd period - Stopped by Rick DiPietro with a rebound.
7:32 of 3rd period - Slapshot by Marco Scandella.
7:32 of 3rd period - Stopped by Rick DiPietro with a rebound.
8:24 of 3rd period - Jussi Jokinen is hit by Marcus Nilson and loses puck.
9:19 of 3rd period - Jan Bulis is hit by Eric Fehr and loses puck.
9:21 of 3rd period - Penalty to Pavel Datsyuk is over, Pavel Datsyuk is back on ice.
9:58 of 3rd period - Eric Gelinas is hit by A.J Thelen and loses puck.
10:17 of 3rd period - Slapshot by Andreas Nodl.
10:17 of 3rd period - Shot Misses the Net.
10:51 of 3rd period - Mike Commodore is hit by James Wright and loses puck.
11:06 of 3rd period - Anton Volchenkov is hit by Martin Havlat and loses puck.
12:29 of 3rd period - Snap shot by Jeff Taffe.
12:29 of 3rd period - Stopped by Jacob Markstrom without a rebound.
12:30 of 3rd period - Pavel Datsyuk wins face-off versus Derek Roy in Jets zone.
12:35 of 3rd period - Snap shot by Pavel Datsyuk.
12:35 of 3rd period - Stopped by Jacob Markstrom without a rebound.
12:36 of 3rd period - Derek Roy wins face-off versus Pavel Datsyuk in Jets zone.
12:36 of 3rd period - Derek Roy is hit by Pavel Datsyuk.
13:32 of 3rd period - Dave Steckel is hit by Michal Rozsival and loses puck.
13:42 of 3rd period - Icing by Michal Rozsival.
13:43 of 3rd period - Cory Emmerton wins face-off versus Mikko Koivu in Jets zone.
13:58 of 3rd period - Snap shot by Mikko Koivu.
13:58 of 3rd period - Goal by Mikko Koivu - Jets : 3 - Blue Jackets : 3.
13:59 of 3rd period - Derek Roy wins face-off versus Pavel Datsyuk in neutral zone.
14:04 of 3rd period - Slapshot by Derek Roy.
14:04 of 3rd period - Stopped by Rick DiPietro without a rebound.
14:05 of 3rd period - Pavel Datsyuk wins face-off versus Derek Roy in Blue Jackets zone.
14:36 of 3rd period - Snap shot by Derek Stepan.
14:36 of 3rd period - Stopped by Rick DiPietro with a rebound.
15:18 of 3rd period - Snap shot by Pavel Datsyuk.
15:18 of 3rd period - Shot Misses the Net.
15:20 of 3rd period - Snap shot by David Booth.
15:20 of 3rd period - Stopped by Jacob Markstrom without a rebound.
15:21 of 3rd period - Pavel Datsyuk wins face-off versus Derek Roy in Jets zone.
15:24 of 3rd period - Slapshot by Patric Hornqvist.
15:24 of 3rd period - Shot Misses the Net.
15:26 of 3rd period - Snap shot by David Booth.
15:26 of 3rd period - Stopped by Jacob Markstrom without a rebound.
15:27 of 3rd period - Dave Steckel wins face-off versus Derek Roy in Jets zone.
15:54 of 3rd period - Eric Fehr is hit by David Booth and loses puck.
16:01 of 3rd period - Snap shot by Pavel Datsyuk.
16:01 of 3rd period - Deflect By David Booth.
16:01 of 3rd period - Stopped by Jacob Markstrom with a rebound.
16:07 of 3rd period - Snap shot by Patric Hornqvist.
16:07 of 3rd period - Shot Misses the Net.
16:14 of 3rd period - Icing by Marco Scandella.
16:15 of 3rd period - Jan Bulis wins face-off versus Mikko Koivu in Jets zone.
16:40 of 3rd period - Mikko Koivu is hit by Marcus Nilson and loses puck.
17:02 of 3rd period - Off-side.
17:03 of 3rd period - Derek Roy wins face-off versus Pavel Datsyuk in neutral zone.
17:08 of 3rd period - Snap shot by Benoit Pouliot.
17:08 of 3rd period - Shot Blocked by Branislav Mezei.
17:10 of 3rd period - Snap shot by Benoit Pouliot.
17:10 of 3rd period - Stopped by Rick DiPietro without a rebound.
17:11 of 3rd period - Derek Roy wins face-off versus Dave Steckel in Blue Jackets zone.
17:12 of 3rd period - Backhand shot by Benoit Pouliot.
17:12 of 3rd period - Stopped by Rick DiPietro with a rebound.
17:36 of 3rd period - Wrist shot by Martin Havlat.
17:36 of 3rd period - Stopped by Jacob Markstrom without a rebound.
17:37 of 3rd period - Jan Bulis wins face-off versus James Wright in Jets zone.
17:58 of 3rd period - Minor Penalty to Kevin Bieksa for Hooking.
17:59 of 3rd period - Derek Roy wins face-off versus Pavel Datsyuk in Blue Jackets zone.
18:29 of 3rd period - Snap shot by Jussi Jokinen.
18:29 of 3rd period - Stopped by Rick DiPietro without a rebound.
18:30 of 3rd period - Derek Stepan wins face-off versus Pavel Datsyuk in Blue Jackets zone.
18:35 of 3rd period - Snap shot by Jussi Jokinen.
18:35 of 3rd period - Shot Misses the Net.
18:48 of 3rd period - Off-side.
18:49 of 3rd period - Derek Roy wins face-off versus David Booth in neutral zone.
19:00 of 3rd period - Wrist shot by Derek Roy.
19:00 of 3rd period - Stopped by Rick DiPietro with a rebound.
19:02 of 3rd period - Wrist shot by Dustin Brown.
19:02 of 3rd period - Stopped by Rick DiPietro without a rebound.
19:03 of 3rd period - Pavel Datsyuk wins face-off versus Derek Roy in Blue Jackets zone.
19:58 of 3rd period - Penalty to Kevin Bieksa is over, Kevin Bieksa is back on ice.
Goals for this period are 1 for Jets vs 0 for Blue Jackets.
Shots for this period are 15 for Jets vs 6 for Blue Jackets.

Overtime #1


0:01 of 1st overtime period - Derek Roy wins face-off versus Pavel Datsyuk in neutral zone.
1:03 of 1st overtime period - Michal Rozsival is hit by Pavel Datsyuk and loses puck.
1:18 of 1st overtime period - Slapshot by Fredrik Sjostrom.
1:18 of 1st overtime period - Stopped by Rick DiPietro without a rebound.
1:19 of 1st overtime period - Pavel Datsyuk wins face-off versus Dustin Brown in Blue Jackets zone.
1:30 of 1st overtime period - Patric Hornqvist is hit by Derek Roy and loses puck.
1:47 of 1st overtime period - Dustin Brown is hit by Mike York and loses puck.
2:51 of 1st overtime period - Pavel Datsyuk is hit by Marco Scandella and loses puck.
3:04 of 1st overtime period - Anton Volchenkov is hit by François Beauchemin and loses puck.
3:57 of 1st overtime period - Tyler Myers is hit by Kevin Bieksa and loses puck.
Goals for this period are 0 for Jets vs 0 for Blue Jackets.
Shots for this period are 1 for Jets vs 0 for Blue Jackets.

ShootOut


5:00 of 1st overtime period - Penalty Shot by Dustin Brown for Jets.
5:00 of 1st overtime period - Wrist shot by Dustin Brown.
5:00 of 1st overtime period - Goal by Dustin Brown.
5:00 of 1st overtime period - Penalty Shot by Pavel Datsyuk for Blue Jackets.
5:00 of 1st overtime period - Backhand shot by Pavel Datsyuk.
5:00 of 1st overtime period - Stopped by Jacob Markstrom.
5:00 of 1st overtime period - Penalty Shot by Benoit Pouliot for Jets.
5:00 of 1st overtime period - Deke by Benoit Pouliot.
5:00 of 1st overtime period - Goal by Benoit Pouliot.
5:00 of 1st overtime period - Penalty Shot by Patric Hornqvist for Blue Jackets.
5:00 of 1st overtime period - Wrist shot by Patric Hornqvist.
5:00 of 1st overtime period - Goal by Patric Hornqvist.
5:00 of 1st overtime period - Penalty Shot by Derek Roy for Jets.
5:00 of 1st overtime period - Wrist shot by Derek Roy.
5:00 of 1st overtime period - Stopped by Rick DiPietro.
5:00 of 1st overtime period - Penalty Shot by David Booth for Blue Jackets.
5:00 of 1st overtime period - Wrist shot by David Booth.
5:00 of 1st overtime period - Stopped by Jacob Markstrom.